 Dungeon Crawl Stone Soup version 0.19-a0-1870-gc32fe5a (webtiles) character file.

96 Arkorax the Slasher (level 4, -8/42 HPs)
             Began as a Naga Gladiator on Oct 13, 2016.
             Mangled by Arkorax's ghost (11 damage)
             ... on level 3 of the Dungeon.
             The game lasted 00:02:33 (2122 turns).

Arkorax the Slasher (Naga Gladiator)                Turns: 2122, Time: 00:02:33

Health: -8/42      AC:  4    Str: 19    XL:     4   Next: 67%
Magic:  4/4        EV: 10    Int: 13    God:
Gold:   105        SH:  0    Dex: 11    Spells: 0 memorised, 3 levels left

rFire  + . .     SeeInvis +     s - +1 morningstar (drain)
rCold  + . .     Gourm    .     b - +0 leather armour
rNeg   . . .     Faith    .     (no shield)
rPois  +         Spirit   .     c - +0 helmet
rElec  +         Dismiss  .     (no cloak)
rCorr  +         Reflect  .     (no gloves)
MR     +....     Harm     .     (no barding)
Stlth  +.........               (no amulet)
                                t - ring of protection from magic
                                j - ring of poison resistance

@: brilliant, resistant, very slightly contaminated, hasted, quick
A: see invisible, deformed body, poison resistance, slowness 2, slow metabolism
1, spit poison 1, AC +1
a: Spit Poison


You were on level 3 of the Dungeon.
You were not hungry.

You visited 1 branch of the dungeon, and saw 3 of its levels.

You collected 105 gold pieces.

Inventory:

Hand Weapons
 a - a +0 long sword
 s - a +1 morningstar of draining (weapon)
   (You found it on level 3 of the Dungeon)
Missiles
 Y - 3 throwing nets (quivered)
Armour
 b - a +0 leather armour (worn)
 c - a +0 helmet (worn)
Jewellery
 j - a ring of poison resistance (left hand)
 t - a ring of protection from magic (right hand)
Scrolls
 e - a scroll of magic mapping {unknown}
 h - 3 scrolls of identify {unknown}
 l - a scroll of fear {unknown}
 n - 3 scrolls of fog {unknown}
 p - 2 scrolls of amnesia {unknown}
 r - 2 scrolls of blinking {unknown}
Potions
 i - a potion of brilliance {!q}
 u - a potion of heal wounds {unknown}
Comestibles
 d - a royal jelly
 f - a bread ration {!e}
 g - a meat ration {!e}
 o - a slice of pizza


   Skills:
 + Level 3.1 Fighting
 - Level 4.2 Long Blades
 * Level 0.0 Maces & Flails
 - Level 1.7 Throwing
 + Level 1.0 Armour
 - Level 2.4 Dodging


You had 3 spell levels left.
You didn't know any spells.

Dungeon Overview and Level Annotations

Branches:
Dungeon (3/15)

Altars:
Ashenzari

Annotations:
D:3 Arkorax's ghost, weakling CeFi


Innate Abilities, Weirdness & Mutations

You cannot wear boots.
Your serpentine skin is tough. (AC +1)
You have supernaturally acute eyesight. (SInv)
Armour fits poorly on your strangely shaped body.
Your system is resistant to poisons. (rPois)
You cover ground very slowly.
You have a slow metabolism.
You can spit poison.


Message History

Put on which piece o' jewellery? (? fer menu, 'sc ta quit)
t - a rin' o' protection from magic (right hand) Ye now haf 95 gold pieces (gain'd 10).
r - 2 scrolls labeled GEEPLE GA ZEWK (gain'd 1)
Found 28 stones.
Ye now haf 105 gold pieces (gain'd 10).
An ice beast an' an orc come inta view.
Tha orc shouts!
Thar be monsters nearby!
Thar be monsters nearby!
Ye sock tha orc!
Ye kill tha orc!
Nay target in view!
Nay target in view!
Arkorax's ghost (weaklin' Centaur Fighter) comes inta view.
Arkorax's ghost turns its malevolent gaze towards ye.
Found a scroll labeled XIXTYKKA IKITHO.
A ball python comes inta view.
Okay, than.
Ye closely miss Arkorax's ghost.
Arkorax's ghost laughs crazily.
Arkorax's ghost barely misses ye.
Arkorax's ghost hits ye!
Damage: 8 (max 8) Ye barely miss Arkorax's ghost.
Arkorax's ghost hits ye!
* * * LOW HITPOINT WARNIN'
* * * Damage: 13 (max 13) Ye barely miss Arkorax's ghost.
Arkorax's ghost hits ye.
* * * LOW HITPOINT WARNIN'
* * * Arkorax's ghost hits ye!
* * * LOW HITPOINT WARNIN'
* * * Ye be too injured ta fight recklessly!
Damage: 9 (max 13) It was a potion o' brilliance.
Ye feel cle'er all o' a sudd'n.
Arkorax's ghost barely misses ye.
It was a potion o' curin'.
Ye feel better.
Arkorax's ghost hits ye!
* * * LOW HITPOINT WARNIN'
* * * Damage: 4 (max 13) It was a potion o' resistance.
Ye feel protected.
Arkorax's ghost hits ye.
* * * LOW HITPOINT WARNIN'
* * * Damage: 5 (max 13) It was a potion o' haste.
Ye feel yerself speed up.
Arkorax's ghost closely misses ye.
Ye be very lightly contaminated wit' residual magic.
Found a stone staircase leadin' down.
Tha ball python hisses angrily.
Arkorax's ghost hits ye!
Ye die...

#.......# ..
#######.####.###
#.........
#...##.#.# #...#
##..## #...#
##W.# #@S#
........?..#
########...#
#..# .># ###


You could see Arkorax's ghost and a ball python.

Vanquished Creatures
  Jessica (D:2)
  An adder (D:2)
  A leopard gecko (D:1)
  An orc (D:3)
  A ball python (D:3)
  2 bats (D:1)
  3 giant cockroaches
  8 goblins
  8 hobgoblins
  8 jackals
  3 quokkas (D:2)
  A frilled lizard (D:1)
  6 kobolds
  9 rats
53 creatures vanquished.

Notes
Turn   | Place    | Note
-------+----------+-------------------------------------------
     0 | D:1      | Arkorax the Naga Gladiator began the quest for the Orb.
     0 | D:1      | Reached XP level 1. HP: 19/19 MP: 1/1
   185 | D:1      | Reached XP level 2. HP: 27/27 MP: 2/2
   211 | D:1      | Found a shattered altar of Ashenzari.
   519 | D:1      | Reached XP level 3. HP: 31/33 MP: 3/3
  1403 | D:2      | Found a shattered altar of Ashenzari.
  1520 | D:2      | Reached XP level 4. HP: 33/40 MP: 4/4
  1528 | D:2      | Reached skill level 4 in Long Blades
  1693 | D:2      | Noticed Jessica
  1705 | D:2      | Reached skill level 3 in Fighting
  1711 | D:2      | Killed Jessica
  1711 | D:2      | Reached skill level 1 in Armour
  2032 | D:3      | Found a faded altar of an unknown god.
  2095 | D:3      | Noticed an ice beast
  2108 | D:3      | Noticed Arkorax's ghost (weakling CeFi)
  2114 | D:3      | HP: 12/42 [Arkorax's ghost (8)]
  2117 | D:3      | HP: 3/42 [Arkorax's ghost (5)]
  2122 | D:3      | Mangled by Arkorax's ghost

Vault maps used:
D:1:      shiori_arrival_maze, serial_forest, infiniplex_forest_lined_room_2,
          infiniplex_forest_end_3, infiniplex_forest_clump_medium,
          infiniplex_forest_straight_4, infiniplex_forest_clump_curved,
          infiniplex_forest_diagonal, infiniplex_forest_lined_2,
          infiniplex_forest_clump_diagonal, evilmike_ruin_ashenzari
D:2:      lemuel_doored_altar, first_bread, kennysheep_jessica_study
D:3:      minmay_diamond_boxcup, marbit_many_paths, ecumenical_altar_1

Skill      XL: |  1  2  3  4 |
---------------+-------------+-----
Long Blades    | 4 |  4.2
Fighting       | 3 |  3.1
Armour         | 1 |  1.0
Throwing       | |  1.7
Dodging        | |  2.4

Action                   |  1- 3 |  4- 6 || total
-------------------------+-------+-------++-------
Melee: Long sword        |   109 |    28 ||   137
       Morningstar       |       |     7 ||     7
  Use: Potion            |       |     4 ||     4
  Eat: Chunk             |     1 |     1 ||     2
       Bread ration      |       |     1 ||     1
Armor: Leather armour    |    38 |     7 ||    45
Dodge: Dodged            |    71 |    21 ||    92
       Rpst.: Long sword |    25 |     8 ||    33

Table legend:
 A = Turns spent in this place as a percentage of turns spent in the entire game.
 B = Non-inter-level travel turns spent in this place as a percentage of non-inter-level travel turns spent in the entire game.
 C = Inter-level travel turns spent in this place as a percentage of turns spent in this place.
 D = Turns resting spent in this place as a percentage of non-inter-level travel turns spent in this place.
 E = Turns spent auto-exploring this place as a percentage of non-inter-level travel turns spent in this place.
 F = Non-inter-level travel turns spent in this place divided by the number of levels of this place that you've seen.
                   A       B       C       D       E      F
               +-------+-------+-------+-------+-------+----------------------
         Total | 100.0 | 100.0 |   0.5 |   1.7 |  14.5 | 216.3
       Dungeon | 100.0 | 100.0 |   0.5 |   1.7 |  14.5 | 216.3
               +-------+-------+-------+-------+-------+----------------------

Vault maps used:
D:1:      shiori_arrival_maze, serial_forest, infiniplex_forest_lined_room_2,
          infiniplex_forest_end_3, infiniplex_forest_clump_medium,
          infiniplex_forest_straight_4, infiniplex_forest_clump_curved,
          infiniplex_forest_diagonal, infiniplex_forest_lined_2,
          infiniplex_forest_clump_diagonal, evilmike_ruin_ashenzari
D:2:      lemuel_doored_altar, first_bread, kennysheep_jessica_study
D:3:      minmay_diamond_boxcup, marbit_many_paths, ecumenical_altar_1
